 Dungeon Crawl Stone Soup version 0.31-a0-971-g75a2e9a4b4 (webtiles) character file.

Game seed: 1006048918516919361

32 Midn8 the Magician (level 3, 0/28 HPs)
             Began as a Draconian Fire Elementalist on Oct 28, 2023.
             Succumbed to an adder's poison
             ... on level 2 of the Dungeon.
             The game lasted 00:03:46 (1054 turns).

Midn8 the Magician (Draconian Fire Elementalist)    Turns: 1054, Time: 00:03:47

Health: 0/28       AC:  6    Str:  9 (10) XL:     3   Next: 8%
Magic:  7/7        EV: 12    Int: 15 (17) God:
Gold:   47         SH:  0    Dex: 12 (13) Spells: 7/8 levels left

rFire   + . .        b - +0 rapier
rCold   . . .        (no shield)
rNeg    . . .        (body armour unavailable)
rPois   .            (helmet restricted)
rElec   .            h - +0 cloak
rCorr   .            (no gloves)
SInv    .            (no boots)
Will    .....        (no amulet)
Stlth   +++          f - ring of protection from fire
HPRegen 0.24/turn    (no ring)
MPRegen 0.10/turn

%: no passive effects
@: lethally poisoned (0 -> -2)
A: AC +5, unfitting armour, cold-blooded, antennae 1, talons 1, thin skeletal
structure 1, robust 1
a: no special abilities


You were on level 2 of the Dungeon.
You visited 1 branch of the dungeon, and saw 2 of its levels.

You collected 47 gold pieces.

Inventory:

Hand Weapons
 b - a +0 rapier (weapon)
Missiles
 j - 2 poisoned darts
Armour
 h - a +0 cloak (worn)
Jewellery
 f - a ring of protection from fire (left hand)
Scrolls
 c - 2 scrolls of revelation {unknown}
 e - 2 scrolls of noise {unknown}
 i - a scroll of enchant armour {unknown}


   Skills:
 - Level 1.8 Dodging
 - Level 1.8 Stealth
 + Level 3.2 Spellcasting
 - Level 1.0 Conjurations
 - Level 3.0 Fire Magic


You had 7 spell levels left.
You knew the following spells:

 Your Spells              Type           Power      Damage    Failure   Level
a - Foxfire               Conj/Fire      32%        2x1d5     9%          1

Your spell library contained the following spells:

 Spells                   Type           Power      Damage    Failure   Level
 Scorch                   Fire           22%        2d5       9%          2
 Kiss of Death            Conj/Necr      16%        2d6       16%         1
 Sandblast                Erth           4%         2d4       21%         1
 Passwall                 Tmut/Erth      1%         N/A       30%         2
 Inner Flame              Hex/Fire       7%         N/A       30%         3
 Volatile Blastmotes      Fire/Tloc      14%        2d11      30%         3
 Stone Arrow              Conj/Erth      8%         3d7       43%         3
 Confusing Touch          Hex            2%         N/A       52%         3
 Flame Wave               Conj/Fire      8%         2d5       63%         4
 Brom's Barrelling Bould  Conj/Erth      4%         2d3       83%         4
 Dispel Undead            Necr           2%         3d7       89%         4


Dungeon Overview and Level Annotations

Branches:
Dungeon (2/15)

Altars:


Innate Abilities, Weirdness & Mutations

Your plain brown scales are hard. (AC +5)
You cannot fit into any form of body armour.
You are cold-blooded and may be slowed by cold attacks.
You have a pair of small antennae on your head.
You have sharp toenails.
You have a somewhat thin skeletal structure. (Dex +2, Stealth+)
You are robust. (+10% HP)


Message History

You aren't carrying any items that you can evoke.
Okay, then.
You conjure some foxfire!
You feel sick. The adder bites you.
You are lethally poisoned!
The adder poisons you! The hobgoblin hits you.
* * * LOW HITPOINT WARNING * * *
Unknown command.
It was a potion of mutation.
You feel extremely strange.
Your bones become slightly less dense.
You feel robust.
Your toenails lengthen and sharpen.
A pair of antennae grows on your head!
* * * LOW HITPOINT WARNING * * *
You feel sick.
The foxfire hits the adder.
You kill the adder!
The hobgoblin barely misses you.
Your magical contamination has completely faded away.
You have reached level 3!
Your experience leads to an increase in your attributes!
Your base attributes are Str 10, Int 15, Dex 11.
Increase (S)trength, (I)ntelligence, or (D)exterity?
You feel clever. x2; Your scales feel tougher.
It was a potion of degeneration.
There was something very wrong with that liquid.
You feel weakened.
You feel dopey.
You feel clumsy.
* * * LOW HITPOINT WARNING * * *
You feel sick.
The hobgoblin hits you but does no damage.
* * * LOW HITPOINT WARNING * * *
You feel sick.
Your foxfire dissipates!
Okay, then.
Magic courses through your body.
* * * LOW HITPOINT WARNING * * *
You feel sick. The hobgoblin barely misses you.
You are too injured to fight recklessly!
Casting: Foxfire (safe; 9% risk of failure)
Confirm with . or Enter, or press ? or * to list all spells.
You conjure some foxfire!
* * * LOW HITPOINT WARNING * * *
You feel sick. The hobgoblin barely misses you.
You die...

..# .># #.#
#.# #.####
#.#.. #.#.#
##@#.######
#v.g†.....#
#v##.####.#
#'##[#...<#
...####.#.#
♣...♣ #.#.#
..... . ..#
.>.♣.>.##
... ... ...
####


You could see a hobgoblin (ally target).

Vanquished Creatures
  An adder (D:2)
  2 dart slugs (D:1)
  2 endoplasms (D:1)
  A giant cockroach (D:1)
  2 goblins (D:1)
  3 hobgoblins (D:1)
  2 kobolds (D:1)
  2 ball pythons (D:1)
  A bat (D:1)
  A frilled lizard (D:1)
  A rat (D:1)
18 creatures vanquished.

Vanquished Creatures (others)
  63 foxfires
63 creatures vanquished.

Grand Total: 81 creatures vanquished

Notes
Turn   | Place    | Note
-------+----------+-------------------------------------------
     0 | D:1      | Midn8 the Draconian Fire Elementalist began the quest for
                  | the Orb.
     0 | D:1      | Reached XP level 1. HP: 14/14 MP: 3/3
   343 | D:1      | Reached XP level 2. HP: 20/20 MP: 0/5
  1027 | D:2      | Identified the +3 robe of the Undertaker {Int+3}
  1049 | D:2      | Gained mutation: You have a somewhat thin skeletal
                  | structure. (Dex +2, Stealth+) [potion of mutation]
  1049 | D:2      | Gained mutation: You are robust. (+10% HP) [potion of
                  | mutation]
  1049 | D:2      | Gained mutation: You have sharp toenails. [potion of
                  | mutation]
  1049 | D:2      | Gained mutation: You have a pair of small antennae on your
                  | head. [potion of mutation]
  1050 | D:2      | Reached XP level 3. HP: 5/28 MP: 0/7
  1052 | D:2      | HP: 1/28 [poisoned by an adder]
  1054 | D:2      | Succumbed to an adder's poison

Illustrated notes

Levels and vault maps discovered:
D:1:      minmay_arrival_three_doors, layout_basic
D:2:      layout_basic, basic_altar, hellmonk_ecumenical_altar_leap_of_faith,
          grunt_ministairs_7, minmay_ruptured

Skill      XL: |  1  2 |
---------------+-------+-----
Spellcasting   | 3 |  3.2
Dodging        | |  1.8
Stealth        | |  1.8
Conjurations   | |  1.0
Fire Magic     | |  3.0

Action                     || total
---------------------------++-------
  Melee: Unarmed           ||     1
         Rapier            ||     4
   Cast: Foxfire           ||    35
    Use: Potion            ||     3
   Stab: Sleeping          ||     1
 Armour: Skin              ||    13
  Dodge: Dodged            ||    16

Table legend: (Time is in decaauts)
 A = Elapsed time spent in this place.
 B = Non-inter-level travel time spent in this place.
 C = Inter-level travel time spent in this place.
 D = Time resting spent in this place.
 E = Time spent auto-exploring this place.
 F = Levels seen in this place.
 G = Mean time per level.
                   A        B        C        D        E       F      G
               +--------+--------+--------+--------+--------+-----+--------+
         Total |   1053 |   1034 |     19 |    332 |    538 |   2 |  526.5 |
       Dungeon |   1053 |   1034 |     19 |    332 |    538 |   2 |  526.5 |
               +--------+--------+--------+--------+--------+-----+--------+

Top non-repeatable levels by time:
     D:1: 1019 daAuts
     D:2: 34 daAuts
